Map: Ephemeron LE

Players

Osiris

  • Race: Terran Terran
  • League: Master
  • Spawn Location: 5:00

JimmyShmo - Winner!

  • Race: Protoss Protoss
  • League: Diamond
  • Spawn Location: 11:00

VOD

Have the link to the VOD?

Description

Time

  • Played on: Nov. 9, 2019, 3:23 p.m.
  • Length: 13:51
Show
View Real Time Build Order
Export as new Build Order

Osiris Terran 

Build Orders: Reaper Expand, Mech 

Get SALT Encoding   

  12  0:00  SCV  
  13  0:12  SCV  
  14  0:17  Supply Depot  
  14  0:25  SCV  
  15  0:39  SCV  
  15  0:40  Barracks  
  16  0:44  Refinery  
  16  0:53  SCV  
  17  1:05  SCV  
  18  1:18  SCV  
  19  1:31  Reaper, Orbital Command  
  20  1:50  Command Center  
  20  1:58  Supply Depot  
  20  1:59  SCV  
  20  2:01  Bunker  
  21  2:03  Marine  
  22  2:09  Bunker  
  22  2:16  SCV  
  22  2:18  Refinery  
  22  2:21  Marine  
  24  2:25  Factory  
  24  2:30  SCV  
  24  2:31  Supply Depot  
  25  2:40  Marine  
  25  2:42  SCV  
  27  2:55  SCV  
  28  3:00  Marine  
  29  3:07  SCV  
  29  3:13  Factory Tech Lab  
  29  3:15  Command Center  
  29  3:24  SCV  
  30  3:28  Engineering Bay, Barracks Reactor  
  30  3:31  Bunker  
  30  3:32  Widow Mine  
  31  3:51  SCV  
  31  3:54  Widow Mine  
  32  3:57  Missile Turret  
  30  4:13  SCV  
  30  4:14  Marine x2  
  30  4:15  Widow Mine  
  30  4:32  SCV  
  30  4:34  Marine x2  
  30  4:37  Starport  
  36  4:38  Siege Tank  
  36  4:47  Orbital Command  
  36  4:49  SCV  
  36  4:52  Marine x2  
  39  5:02  SCV  
  40  5:11  Marine x2  
  42  5:14  Medivac  
  42  5:15  Siege Tank  
  42  5:17  SCV  
  42  5:18  SCV  
  49  5:24  Missile Turret  
  49  5:29  SCV  
  49  5:30  Marine x2  
  52  5:42  SCV x2  
  54  5:54  Supply Depot  
  54  5:57  Supply Depot  
  54  6:13  SCV, Marine x2, Viking  
  54  6:15  Command Center  
  54  6:16  Siege Tank, SCV  
  54  6:18  Refinery  
  63  6:19  Refinery  
  63  6:26  SCV  
  63  6:28  SCV  
  65  6:41  Marine x2  
  67  6:49  Siege Tank  
  67  6:53  Factory  
  70  6:56  Factory  
  70  6:59  Marine  
  70  7:00  Marine  
  72  7:02  Starport Tech Lab  
  72  7:04  SCV  
  71  7:25  Siege Tank  
  68  7:34  Viking  
  68  7:35  SCV x2, Orbital Command  
  57  8:13  Siege Tank  
  60  8:22  SCV x2  
  60  8:25  Siege Tank, Infernal Pre-Igniter  
  60  8:26  Hellion x2  
  69  8:28  SCV  
  69  8:31  Armory  
  70  8:34  SCV x2  
  70  8:40  SCV  
  73  8:46  SCV x2  
  75  8:54  Missile Turret  
  76  8:56  Missile Turret  
  76  8:58  SCV x2  
  76  8:59  Orbital Command  
  76  9:00  Missile Turret  
  76  9:01  Missile Turret  
  77  9:03  Missile Turret  
  77  9:08  Hellion x2, Refinery  
  77  9:09  Hellion x2  
  85  9:12  Refinery  
  85  9:20  Barracks Reactor  
  85  9:24  SCV x2  
  87  9:25  Factory x2  
  87  9:33  SCV  
  87  9:36  SCV x2, Starport Tech Lab  
  87  9:37  Terran Vehicle Weapons Level 1  
  90  9:40  Supply Depot  
  90  9:41  Supply Depot  
  90  9:42  Armory  
  90  9:45  SCV  
  91  9:53  Siege Tank, Hellion x2, Supply Depot  
  91  9:55  Supply Depot  
  98  10:04  Siege Tank  
  98  10:05  SCV  
  102  10:07  Supply Depot x2  
  102  10:09  Factory Tech Lab  
  102  10:19  Hellion x2  
  102  10:20  Hellion  
  108  10:25  Siege Tank  
  108  10:26  Siege Tank  
  114  10:29  Hellion, SCV x2  
  118  10:36  Supply Depot  
  118  10:37  Supply Depot  
  118  10:40  SCV  
  113  11:01  Siege Tank x2  
  113  11:02  Hellion x3  
  121  11:08  Supply Depot  
  121  11:10  Supply Depot  
  121  11:15  Hellion x2, SCV x2  
  121  11:18  SCV  
  128  11:20  Terran Vehicle And Ship Armor Level 1  
  124  11:32  Hellion x2  
  107  11:33  Siege Tank, Hellion  
  107  11:38  Hellion x2  
  83  11:44  Siege Tank  
  67  11:54  Hellion x3  
  60  11:59  Hellion  
  60  12:00  Hellion  
  60  12:01  Orbital Command  
  31  12:15  SCV  
  22  12:26  SCV  
  22  12:27  Orbital Command  
  13  12:39  Orbital Command  
  13  12:40  Widow Mine  
  15  12:50  SCV  
  16  12:56  SCV  
  17  13:02  SCV  
  19  13:05  SCV  
  19  13:08  SCV  
  20  13:14  SCV  
  20  13:15  Widow Mine  
  20  13:17  SCV  
  24  13:20  SCV  
  24  13:26  SCV  
  28  13:27  Widow Mine  
  28  13:33  Supply Depot  
Show
View Real Time Build Order
Export as new Build Order

JimmyShmo Protoss - Winner!

Build Orders: Archon Immortal 

Get SALT Encoding   

  12  0:00  Probe  
  13  0:12  Probe  
  14  0:20  Pylon  
  14  0:24  Probe  
  15  0:38  Probe, Gateway  
  16  0:47  Assimilator  
  16  0:50  Probe  
  17  1:02  Probe  
  18  1:05  Gateway  
  18  1:13  Assimilator  
  18  1:14  Probe (Chrono Boost)  
  20  1:26  Probe (Chrono Boost)  
  20  1:27  Cybernetics Core  
  20  1:43  Probe  
  20  1:55  Probe  
  20  1:58  Pylon  
  21  2:04  Stalker (Chrono Boost)  
  21  2:05  Warp Gate  
  23  2:16  Probe  
  23  2:19  Stalker (Chrono Boost)  
  26  2:28  Probe  
  27  2:40  Probe  
  28  2:46  Nexus  
  28  2:52  Probe  
  29  2:59  Robotics Facility  
  29  3:10  Probe  
  30  3:20  Pylon  
  30  3:22  Probe  
  31  3:28  Twilight Council  
  31  3:38  Probe  
  32  3:51  Probe  
  33  4:02  Gateway  
  33  4:03  Probe  
  34  4:15  Probe  
  35  4:18  Probe  
  36  4:27  Immortal (Chrono Boost)  
  36  4:28  Probe (Chrono Boost)  
  36  4:30  Probe (Chrono Boost)  
  40  4:37  Pylon  
  40  4:38  Charge (Chrono Boost)  
  40  4:42  Probe (Chrono Boost)  
  40  4:45  Probe (Chrono Boost)  
  42  4:46  Nexus  
  42  4:48  Probe (Chrono Boost)  
  42  4:51  Probe (Chrono Boost)  
  44  4:53  Stalker  
  44  4:57  Stalker  
  44  4:58  Probe  
  49  5:03  Probe  
  50  5:08  Sentry  
  50  5:12  Pylon  
  52  5:14  Pylon, Warp Prism (Chrono Boost)  
  54  5:21  Zealot  
  54  5:23  Sentry  
  54  5:28  Probe  
  59  5:34  Assimilator  
  59  5:36  Assimilator  
  59  5:37  Probe  
  59  5:42  Gateway  
  60  5:43  Observer  
  60  5:45  Gateway  
  60  5:47  Pylon, Probe  
  62  5:55  Probe  
  63  5:59  Probe  
  63  6:01  Zealot x3  
  70  6:06  Immortal (Chrono Boost)  
  74  6:13  Probe  
  75  6:25  Gateway  
  75  6:26  Forge  
  75  6:38  Adept x2  
  64  6:45  Probe x2  
  66  6:47  Probe  
  67  6:57  Probe x2  
  69  7:06  Probe  
  70  7:09  Probe x2  
  68  7:16  Zealot x5  
  68  7:22  Probe x2  
  76  7:24  Zealot  
  76  7:27  Probe  
  75  7:34  Probe x2  
  71  7:39  Probe  
  72  7:49  Immortal (Chrono Boost)  
  76  7:52  Probe  
  69  7:59  Templar Archives, Gateway  
  61  8:14  Protoss Ground Weapons Level 1 (Chrono Boost)  
  61  8:18  Gateway  
  60  8:21  Pylon  
  60  8:23  Pylon  
  60  8:25  Immortal (Chrono Boost)  
  59  8:33  Probe  
  59  8:34  Probe x2  
  66  8:37  High Templar x2  
  66  8:38  High Templar x2  
  74  8:41  Archon  
  74  8:42  Archon  
  74  8:43  High Templar  
  74  8:44  High Templar  
  78  8:48  Archon  
  78  8:49  Probe (Chrono Boost)  
  78  8:50  Probe (Chrono Boost)  
  78  8:54  Probe (Chrono Boost)  
  81  8:57  Zealot, Psionic Storm  
  81  9:01  Probe (Chrono Boost)  
  81  9:02  Probe (Chrono Boost)  
  85  9:06  Immortal  
  89  9:10  Zealot x2  
  93  9:20  Probe  
  93  9:21  Probe  
  95  9:26  Assimilator  
  95  9:30  Assimilator  
  95  9:38  Robotics Facility  
  95  9:40  Pylon  
  95  9:45  High Templar x2  
  99  9:46  Zealot x3  
  99  9:49  Immortal (Chrono Boost)  
  108  10:02  Archon  
  108  10:03  Zealot x3  
  114  10:13  High Templar  
  116  10:14  Protoss Ground Weapons Level 2 (Chrono Boost), Zealot x2  
  116  10:21  Warp Prism  
  120  10:28  Pylon, Zealot  
  124  10:33  Pylon  
  124  10:34  Pylon  
  124  10:45  Zealot  
  124  10:46  Zealot x2, Immortal  
  129  10:56  Zealot x3  
  131  11:07  Probe  
  131  11:08  Probe x2  
  134  11:17  Zealot x3  
  107  11:40  Probe x2  
  107  11:41  Immortal x2  
  107  11:50  Probe  
  107  11:52  Probe x2  
  104  12:02  Probe  
  99  12:11  Probe x2  
  99  12:13  Zealot x5  
  99  12:14  Zealot x3  
  97  12:29  Probe  
  95  12:30  Probe  
  95  12:32  Probe  
  92  12:38  Zealot x3  
  92  12:39  Zealot x4  
  92  12:41  Probe  
  92  12:42  Probe  
  104  12:53  Gateway  
  104  13:03  Nexus  
  104  13:18  High Templar, Assimilator  
  104  13:19  High Templar x7  
  120  13:22  Assimilator, Archon  
  120  13:23  Archon x3  
  120  13:26  Probe x2  
Tags
 
Add a new tag
Caveats
  • Supply blocks, unpowered buildings, or Contaminate may cause inaccurate times.
  • Supply counts are checked every 10 seconds.